AoeStats
← [CRX] SMURFVENKOV

Arena

506158907Analyzed
1v1 RM · 20d ago on Sep 12, 2026· 42m 31s· 2 players
Game mode
Random Map
Map size
Tiny (2 player)
Population
200
Speed
Normal
Resources
Standard
Victory
Conquest
Starting age
Dark Age
Ending age
Imperial Age
RankedLock teamsTeams togetherTeam positionsShared explorationLock speedFull tech treeHidden civsTurbo modeCheats
Victory
Defeat
🇲🇽 Sicilians · Mexico
1551
+13
🇺🇦 Spanish · Ukraine
1483
-13
TanCey
10:25 Feudal Age
10:03 Loom
14:49 Castle Age
12:49 Double-Bit Axe
24:00 Bloodlines
30:04 Imperial Age
28:11 Padded Archer Armor
29:15 Wheelbarrow
29:04 Horse Collar
29:38 Bow Saw
29:20 Gold Mining
32:34 Town Watch
34:55 Elite Skirmisher
37:22 Chemistry
36:18 Fletching
36:43 Leather Archer Armor
[CRX] SMURFVENKOV
6:14 Loom
8:51 Feudal Age
12:48 Horse Collar
18:47 Double-Bit Axe
21:18 Castle Age
19:17 Fletching
20:08 Town Watch
21:26 Elite Skirmisher
22:16 Bodkin Arrow
23:18 Padded Archer Armor
26:02 Ballistics
33:11 First Crusade
33:14 Scale Mail Armor
36:29 Wheelbarrow
37:01 Forging
37:46 Squires
38:58 Iron Casting
40:03 Chain Mail Armor
41:15 Leather Archer Armor
45:26 Imperial Age
Connection lost

Rejoining the realm…

Still unreachable

The connection could not be restored.

Session expired

The server has moved on; the page needs a fresh start.